 Dungeon Crawl Stone Soup version 0.31.0-11-ge490571c62 (webtiles) character file.

Game seed: 5130705448514971415

49 qw the Shooter (level 3, 0/20 HPs)
             Began as a Deep Elf Hunter on Feb 3, 2024.
             Slain by a goblin
             ... wielding a +0 dagger
             ... led by Robin
              (2 damage)
             ... on level 2 of the Dungeon.
             The game lasted 00:00:02 (756 turns).

qw the Shooter (Deep Elf Hunter)                     Turns: 756, Time: 00:00:03

Health: 0/20       AC:  4    Str: 10    XL:     3   Next: 51%
Magic:  5/5        EV: 12    Int: 13    God:
Gold:   58         SH:  0    Dex: 18    Spells: 2/2 levels left

rFire   . . .        a - +0 shortbow
rCold   . . .        (shield currently unavailable)
rNeg    . . .        c - +0 leather armour
rPois   .            g - +0 helmet
rElec   .            (no cloak)
rCorr   .            (no gloves)
SInv    .            (no boots)
Will    .....        (no amulet)
Stlth   ++           (no ring)
HPRegen 0.23/turn    (no ring)
MPRegen 0.09/turn

%: no passive effects
@: no status effects
A: no striking features
a: no special abilities


You were on level 2 of the Dungeon.
You visited 1 branch of the dungeon, and saw 2 of its levels.

You collected 58 gold pieces.


   Skills:
 - Level 1.5 Fighting
 + Level 7.0 Ranged Weapons
 - Level 2.4 Dodging
 - Level 1.2 Stealth


You had 2 spell levels left.
You didn't know any spells.
Your spell library was empty.

Inventory:

Hand Weapons
 a - a +0 shortbow (weapon)
Armour
 c - a +0 leather armour (worn)
 g - a +0 helmet (worn)

Dungeon Overview and Level Annotations

Branches:
Dungeon (2/15)

Altars:


Message History

A goblin comes into view. It is wielding a +0 dagger.
The goblin hits you with a +0 club.
You shoot an arrow. The arrow closely misses the goblin.
You shoot an arrow. The arrow hits Robin.
Robin is lightly wounded.
The goblin hits you with a +0 club.
Robin roars a battlecry!
The goblins go into a battle-frenzy!
You shoot an arrow. The arrow hits Robin.
Robin is moderately wounded.
The goblin closely misses you. Robin throws the goblin at you!
You shoot an arrow. The arrow barely misses Robin.
Robin zaps a wand.
The puff of flame misses you. The goblin hits you but does no damage.
You shoot an arrow. The arrow hits Robin.
Robin is severely wounded.
The goblin misses you.
You shoot an arrow. The arrow hits Robin.
You kill Robin!
The goblin hits you with a +0 club.
Your Ranged Weapons skill increases to level 7!
You shoot an arrow. The arrow hits the hobgoblin!
You kill the hobgoblin!
The goblin hits you with a +0 club.
You shoot an arrow. The arrow barely misses the hobgoblin.
The goblin barely misses you. The hobgoblin closely misses you.
You shoot an arrow. The arrow barely misses the hobgoblin.
The goblin hits you with a +0 club. The hobgoblin misses you.
You shoot an arrow.
The arrow hits the hobgoblin but does no damage.
The goblin hits you with a +0 club.
You shoot an arrow.
The arrow hits the hobgoblin but does no damage.
The goblin hits you with a +0 club. The hobgoblin misses you.
You shoot an arrow. The arrow hits the hobgoblin.
The hobgoblin is heavily wounded.
The goblin hits you but does no damage. The goblin hits you with a +0 club.
The hobgoblin barely misses you. The goblin completely misses you.
The goblin hits you with a +0 dagger.
You die...

### ##.## ##.#.##
##.###)##
#########.#####.##
#.................
#.#######.#####.##
#g# ##.###.## #@#
##.#.## ...)..gg.#
##.## #######..#
### #..# #..# #..#
#..# ....


You could see a hobgoblin (strong) and 2 goblins.

Vanquished Creatures
  Robin (D:2)
  A dart slug (D:1)
  4 bats (D:1)
  2 endoplasms (D:1)
  4 goblins
  3 hobgoblins
  4 jackals (D:1)
  3 quokkas (D:1)
  3 frilled lizards (D:1)
  4 kobolds (D:1)
  3 rats (D:1)
32 creatures vanquished.

Notes
Turn   | Place    | Note
-------+----------+-------------------------------------------
     0 | D:1      | qw the Deep Elf Hunter began the quest for the Orb.
     0 | D:1      | Reached XP level 1. HP: 12/12 MP: 3/3
     0 | D:1      | 0 ||| qw: Version: 0.3-a-158-g18b3111
     0 | D:1      | 0 ||| qw: Game counter: 4113
     0 | D:1      | 0 ||| qw: Melee chars always use a shield: true
     0 | D:1      | 0 ||| qw: God list: Okawaru
     0 | D:1      | 0 ||| qw: Allow faded altars: false
     0 | D:1      | 0 ||| qw: Do Orc after clearing Dungeon:15 true
     0 | D:1      | 0 ||| qw: Do second Lair branch before Depths: true
     0 | D:1      | 0 ||| qw: Lair rune preference: random
     0 | D:1      | 0 ||| qw: Goals: Normal
     0 | D:1      | 0 ||| PLANNING D:1-11
   242 | D:1      | Reached skill level 6 in Ranged Weapons
   242 | D:1      | Reached XP level 2. HP: 16/16 MP: 4/4
   439 | D:1      | Reached XP level 3. HP: 20/20 MP: 5/5
   662 | D:1      | 662 ||| UPGRADING to +0 helmet.
   667 | D:1      | 667 ||| DROPPING ring of flight.
   668 | D:1      | 668 ||| READING scroll labelled XIS LODWINYI.
   669 | D:1      | 669 ||| READING 2 scrolls labelled EMUWIQ HUMEC.
   669 | D:1      | 669 ||| IDENTIFYING fizzy ruby potion
   670 | D:1      | 670 ||| READING scroll of identify.
   670 | D:1      | 670 ||| IDENTIFYING scroll labelled DAMYXAQ JEMOGG
   671 | D:1      | 671 ||| DROPPING scroll of butterflies.
   672 | D:1      | 672 ||| DROPPING potion of lignification.
   673 | D:1      | 673 ||| DROPPING scroll of blinking.
   740 | D:2      | Noticed Robin
   750 | D:2      | Killed Robin
   751 | D:2      | Reached skill level 7 in Ranged Weapons
   756 | D:2      | HP: 2/20 [goblin/+0 club[Robin] (5)]
   756 | D:2      | Slain by a goblin

Levels and vault maps discovered:
D:1:      dpeg_arrival_snail, layout_loops_ring, minmay_tromino_v2
D:2:      minmay_wonky_spiral, layout_loops_ring, uniq_robin

Skill      XL: |  1  2  3 |
---------------+----------+-----
Ranged Weapons | 6 7 |  7.0
Fighting       | |  1.5
Dodging        | |  2.4
Stealth        | |  1.2

Action                     || total
---------------------------++-------
   Fire: Shortbow          ||    83
    Use: Scroll            ||     3
 Armour: Leather armour    ||    29
  Dodge: Dodged            ||    25

Table legend:
 A = Non-vault XP
 B = Vault XP
 C = Vault XP percentage of total XP
 D = Non-vault monster count
 E = Vault monster count
 F = Vault count percentage of total count
                 A         B        C        D         E       F
            +---------+---------+-------+---------+---------+-------
      Total |      45 |      25 |  35.7 |      26 |       6 |  18.8
            +---------+---------+-------+---------+---------+-------
        D:1 |      43 |       4 |   8.5 |      25 |       2 |   7.4
        D:2 |       2 |      21 |  91.3 |       1 |       4 |  80.0
            +---------+---------+-------+---------+---------+-------
